TOP OF THE 1ST |
Athletic Club KC Reserves batting - Pitching for Royse City Targaryens : LHP Fred Proctor
|
Pitching: LHP Fred Proctor
|
|
Batting: RHB Armando Altagracia
|
0-0: Ball 1-0: Called Strike 1-1: Ball 2-1: Foul Ball, location: 2F 2-2: Strikes out swinging
|
Batting: RHB Tasuku Goto
|
0-0: Called Strike 0-1: SINGLE (Flyball, 7S)
|
Batting: RHB Pedro Solís
|
0-0: Ball 1-0: Ball 2-0: Ball 3-0: Called Strike 3-1: Foul Ball, location: 2F 3-2: SINGLE (Flyball, 89S) Tasuku Goto to second Runner from 2nd tries for 3rd, SAFE, throw made to third
|
Batting: LHB Tsai Ng
|
0-0: Ball 1-0: Foul Ball, location: 2F 1-1: Foul Ball, location: 2F 1-2: 3-RUN HOME RUN (Flyball, 9LD), Distance : 351 ft
|
Batting: RHB Troy Whitehurst
|
0-0: Fly out, F8 (Flyball, 8LM)
|
Batting: LHB Kwang-chih Feng
|
0-0: Ball 1-0: Called Strike 1-1: Swinging Strike 1-2: Ball 2-2: Ground out 6-3 (Groundball, 6)
|
Top of the 1st over - 3 runs, 3 hits, 0 errors, 0 left on base; Athletic Club KC 3 - Royse City 0 |
BOTTOM OF THE 1ST |
Royse City Targaryens batting - Pitching for Athletic Club KC Reserves : RHP Jorge Cintrón
|
Pitching: RHP Jorge Cintrón
|
|
Batting: LHB Takahiro Suzuki
|
0-0: Ball 1-0: Ball 2-0: Ball 3-0: Called Strike 3-1: Swinging Strike 3-2: Foul Ball, location: 2F 3-2: SOLO HOME RUN (Flyball, 7D), Distance : 372 ft
|
Batting: RHB Víctor Cuevas
|
0-0: Ball 1-0: Called Strike 1-1: Fly out, F3 (Popup, 3SF)
|
Batting: RHB Melvin Thomas
|
0-0: Ball 1-0: Called Strike 1-1: Ball 2-1: Ball 3-1: Fly out, F1 (Line Drive, 13S)
|
Batting: LHB Santiago Miranda
|
0-0: Hit by Pitch
|
Batting: SHB Miguel Herrera
|
0-0: Ball 1-0: Ball 2-0: Ball 3-0: Called Strike 3-1: Fly out, F8 (Flyball, 8LS)
|
Bottom of the 1st over - 1 run, 1 hit, 0 errors, 1 left on base; Athletic Club KC 3 - Royse City 1 |
TOP OF THE 2ND |
Athletic Club KC Reserves batting - Pitching for Royse City Targaryens : LHP Fred Proctor
|
Batting: LHB Luis Miguel González
|
0-0: Ball 1-0: Called Strike 1-1: Foul Ball, location: 2F 1-2: Strikes out looking
|
Batting: SHB Carlos Rodríguez
|
0-0: Called Strike 0-1: Foul Ball, location: 2F 0-2: Strikes out looking
|
Batting: LHB Manuel Domínguez
|
0-0: Ball 1-0: Swinging Strike 1-1: Foul Ball, location: 2F 1-2: Strikes out swinging
|
Top of the 2nd over - 0 runs, 0 hits, 0 errors, 0 left on base; Athletic Club KC 3 - Royse City 1 |
BOTTOM OF THE 2ND |
Royse City Targaryens batting - Pitching for Athletic Club KC Reserves : RHP Jorge Cintrón
|
Batting: RHB David Elías
|
0-0: Ball 1-0: Ball 2-0: Ball 3-0: Base on Balls
|
Batting: RHB José García
|
0-0: Ball 1-0: Ball 2-0: Called Strike 2-1: Fly out, F9 (Line Drive, 9)
|
Batting: SHB Vernon T. Waldrip
|
0-0: Called Strike 0-1: Ball 1-1: Foul Ball, location: 2F 1-2: Fly out, F4 (Line Drive, 4M)
|
Batting: RHB Breanainn Swartwood
|
0-0: SINGLE (Groundball, 56D) David Elías to second
|
Batting: LHB Takahiro Suzuki
|
0-0: Called Strike 0-1: Ball 1-1: Foul Ball, location: 2F 1-2: DOUBLE (Line Drive, 9LS) David Elías scores Breanainn Swartwood to third
|
Batting: RHB Víctor Cuevas
|
0-0: Foul Ball, location: 2F 0-1: Swinging Strike 0-2: Foul Ball, location: 2F 0-2: SINGLE (Groundball, 34D) Breanainn Swartwood scores Takahiro Suzuki to third Runner from 3rd tries for Home, SAFE, no throw
|
Batting: RHB Melvin Thomas
|
0-0: Called Strike 0-1: Foul Ball, location: 2F 0-2: Strikes out swinging
|
Bottom of the 2nd over - 3 runs, 3 hits, 0 errors, 1 left on base; Athletic Club KC 3 - Royse City 4 |
TOP OF THE 3RD |
Athletic Club KC Reserves batting - Pitching for Royse City Targaryens : LHP Fred Proctor
|
Batting: RHB Armando Altagracia
|
0-0: DOUBLE (Flyball, 78XD)
|
Batting: RHB Tasuku Goto
|
0-0: Called Strike 0-1: Ball 1-1: Ball 2-1: Foul Ball, location: 2F 2-2: 2-RUN HOME RUN (Flyball, 7LD), Distance : 359 ft
|
Batting: RHB Pedro Solís
|
0-0: Ball 1-0: Ground out 5-3 (Groundball, 56)
|
Batting: LHB Tsai Ng
|
0-0: Ball 1-0: Called Strike 1-1: Fly out, F5 (Popup, 5S)
|
Batting: RHB Troy Whitehurst
|
0-0: Ground out 5-3 (Groundball, 5)
|
Top of the 3rd over - 2 runs, 2 hits, 0 errors, 0 left on base; Athletic Club KC 5 - Royse City 4 |
BOTTOM OF THE 3RD |
Royse City Targaryens batting - Pitching for Athletic Club KC Reserves : RHP Jorge Cintrón
|
Batting: LHB Santiago Miranda
|
0-0: Fly out, F7 (Flyball, 7S)
|
Batting: SHB Miguel Herrera
|
0-0: Called Strike 0-1: Swinging Strike 0-2: Ball 1-2: Foul Ball, location: 2F 1-2: Fly out, F7 (Flyball, 7)
|
Batting: RHB David Elías
|
0-0: Ball 1-0: Foul Ball, location: 2F 1-1: Ball 2-1: Swinging Strike 2-2: Fly out, F9 (Flyball, 9D)
|
Bottom of the 3rd over - 0 runs, 0 hits, 0 errors, 0 left on base; Athletic Club KC 5 - Royse City 4 |
TOP OF THE 4TH |
Athletic Club KC Reserves batting - Pitching for Royse City Targaryens : LHP Fred Proctor
|
Batting: LHB Kwang-chih Feng
|
0-0: Called Strike 0-1: Swinging Strike 0-2: Foul Ball, location: 2F 0-2: SINGLE (Line Drive, 78S)
|
Batting: LHB Luis Miguel González
|
0-0: Called Strike 0-1: Swinging Strike 0-2: Ball 1-2: Ball 2-2: Ball 3-2: Strikes out swinging
|
Batting: SHB Carlos Rodríguez
|
0-0: Swinging Strike 0-1: Called Strike 0-2: Ball 1-2: Foul Ball, location: 2F 1-2: Ball 2-2: Foul Ball, location: 2F 2-2: Foul Ball, location: 2F 2-2: Foul Ball, location: 2F 2-2: Strikes out swinging
|
Batting: LHB Manuel Domínguez
|
0-0: Ball 1-0: Ball 2-0: Called Strike 2-1: Fly out, F9 (Flyball, 9LM)
|
Top of the 4th over - 0 runs, 1 hit, 0 errors, 1 left on base; Athletic Club KC 5 - Royse City 4 |
BOTTOM OF THE 4TH |
Royse City Targaryens batting - Pitching for Athletic Club KC Reserves : RHP Jorge Cintrón
|
Batting: RHB José García
|
0-0: Ball 1-0: Foul Ball, location: 2F 1-1: Ground out 6-3 (Groundball, 6M)
|
Batting: SHB Vernon T. Waldrip
|
0-0: Called Strike 0-1: Foul Ball, location: 2F 0-2: Foul Ball, location: 2F 0-2: Ground out 3-1 (Groundball, 34)
|
Batting: RHB Breanainn Swartwood
|
0-0: Ball 1-0: Called Strike 1-1: Foul Ball, location: 2F 1-2: Ball 2-2: Ball 3-2: Base on Balls
|
Batting: LHB Takahiro Suzuki
|
0-0: Ball 1-0: Foul Ball, location: 2F 1-1: Swinging Strike 1-2: Foul Ball, location: 2F 1-2: Foul Ball, location: 2F 1-2: Ball 2-2: Fly out, F7 (Flyball, 78S)
|
Bottom of the 4th over - 0 runs, 0 hits, 0 errors, 1 left on base; Athletic Club KC 5 - Royse City 4 |
TOP OF THE 5TH |
Athletic Club KC Reserves batting - Pitching for Royse City Targaryens : LHP Fred Proctor
|
Batting: RHB Armando Altagracia
|
0-0: Called Strike 0-1: Swinging Strike 0-2: Fly out, F6 (Line Drive, 56)
|
Batting: RHB Tasuku Goto
|
0-0: Called Strike 0-1: Ball 1-1: Ball 2-1: Foul Ball, location: 2F 2-2: Strikes out swinging
|
Batting: RHB Pedro Solís
|
0-0: Called Strike 0-1: Ball 1-1: Called Strike 1-2: Strikes out swinging
|
Top of the 5th over - 0 runs, 0 hits, 0 errors, 0 left on base; Athletic Club KC 5 - Royse City 4 |
BOTTOM OF THE 5TH |
Royse City Targaryens batting - Pitching for Athletic Club KC Reserves : RHP Jorge Cintrón
|
Batting: RHB Víctor Cuevas
|
0-0: Ball 1-0: Ball 2-0: Called Strike 2-1: Ball 3-1: Swinging Strike 3-2: Base on Balls
|
Batting: RHB Melvin Thomas
|
0-0: Ball 1-0: Called Strike 1-1: Ball 2-1: Foul Ball, location: 2F 2-2: Ball 3-2: Foul Ball, location: 2F 3-2: SINGLE (Line Drive, 4D) Víctor Cuevas to second
|
Batting: LHB Santiago Miranda
|
0-0: Ball 1-0: Ball 2-0: Called Strike 2-1: 3-RUN HOME RUN (Flyball, 9LD), Distance : 350 ft
|
Pitching: RHP Kas Groen
|
|
Batting: SHB Miguel Herrera
|
0-0: Swinging Strike 0-1: Ground out 6-3 (Groundball, 56D)
|
Batting: RHB David Elías
|
0-0: Ball 1-0: Fly out, F8 (Flyball, 8RM)
|
Batting: RHB José García
|
0-0: SINGLE (Flyball, 9)
|
Batting: SHB Vernon T. Waldrip
|
0-0: Fly out, F3 (Line Drive, 3S)
|
Bottom of the 5th over - 3 runs, 3 hits, 0 errors, 1 left on base; Athletic Club KC 5 - Royse City 7 |
TOP OF THE 6TH |
Athletic Club KC Reserves batting - Pitching for Royse City Targaryens : LHP Fred Proctor
|
Batting: LHB Tsai Ng
|
0-0: Called Strike 0-1: Ball 1-1: Foul Ball, location: 2F 1-2: Ground out 6-3 (Groundball, 6M)
|
Batting: RHB Troy Whitehurst
|
0-0: Called Strike 0-1: Foul Ball, location: 2F 0-2: Ball 1-2: Ball 2-2: Foul Ball, location: 2F 2-2: Ball 3-2: Ground out 5-3 (Groundball, 25)
|
Batting: LHB Kwang-chih Feng
|
0-0: Ball 1-0: Foul Ball, location: 2F 1-1: Foul Ball, location: 2F 1-2: Fly out, F9 (Flyball, 9LS)
|
Top of the 6th over - 0 runs, 0 hits, 0 errors, 0 left on base; Athletic Club KC 5 - Royse City 7 |
BOTTOM OF THE 6TH |
Royse City Targaryens batting - Pitching for Athletic Club KC Reserves : RHP Kas Groen
|
Now at 1B: Shojiro Ueda
|
|
Batting: RHB Breanainn Swartwood
|
0-0: Ball 1-0: Foul Ball, location: 2F 1-1: Ball 2-1: Ball 3-1: Called Strike 3-2: Foul Ball, location: 2F 3-2: Foul Ball, location: 2F 3-2: Base on Balls
|
Batting: LHB Takahiro Suzuki
|
0-0: Ball 1-0: Ball 2-0: Bunted foul 2-1: Bunted foul 2-2: Fly out, F8 (Flyball, 8RD)
|
Batting: RHB Víctor Cuevas
|
0-0: Hit by Pitch Breanainn Swartwood to second
|
Batting: RHB Melvin Thomas
|
0-0: Ball 1-0: Ball 2-0: Called Strike 2-1: Ball 3-1: Base on Balls Breanainn Swartwood to third Víctor Cuevas to second
|
Batting: LHB Santiago Miranda
|
0-0: SINGLE (Line Drive, 8RS) Breanainn Swartwood scores Víctor Cuevas to third Melvin Thomas to second
|
Batting: SHB Miguel Herrera
|
0-0: Ball 1-0: Grounds into double play, 6-4-3 (Groundball, 6)
|
Bottom of the 6th over - 1 run, 1 hit, 0 errors, 2 left on base; Athletic Club KC 5 - Royse City 8 |
TOP OF THE 7TH |
Athletic Club KC Reserves batting - Pitching for Royse City Targaryens : LHP Fred Proctor
|
Batting: LHB Luis Miguel González
|
0-0: Swinging Strike 0-1: Ball 1-1: SOLO HOME RUN (Flyball, 9LD), Distance : 339 ft
|
Pitching: RHP Enrique García
|
|
Batting: LHB Shojiro Ueda
|
0-0: Ground out 5-3 (Groundball, 56)
|
Batting: LHB Manuel Domínguez
|
0-0: Called Strike 0-1: Ball 1-1: Ball 2-1: Swinging Strike 2-2: Strikes out swinging
|
Batting: RHB Armando Altagracia
|
0-0: Ball 1-0: Called Strike 1-1: Ball 2-1: Foul Ball, location: 2F 2-2: Strikes out swinging
|
Top of the 7th over - 1 run, 1 hit, 0 errors, 0 left on base; Athletic Club KC 6 - Royse City 8 |
BOTTOM OF THE 7TH |
Royse City Targaryens batting - Pitching for Athletic Club KC Reserves : RHP Kas Groen
|
Batting: RHB David Elías
|
0-0: Ball 1-0: Ball 2-0: Called Strike 2-1: Ball 3-1: Called Strike 3-2: Foul Ball, location: 2F 3-2: Base on Balls
|
Batting: RHB José García
|
0-0: Ball 1-0: Sac Bunt - play at first, batter OUT! 1-4 David Elías to second
|
Batting: SHB Vernon T. Waldrip
|
0-0: Foul Ball, location: 2F 0-1: SINGLE (Line Drive, 89S) David Elías to third
|
Batting: RHB Breanainn Swartwood
|
0-0: Ball 1-0: SINGLE (Line Drive, 34D) David Elías scores Vernon T. Waldrip to second Runner from 2nd tries for 3rd, SAFE, no throw
|
Pitching: LHP Ben Skelton
|
|
Batting: LHB Takahiro Suzuki
|
0-0: SINGLE (Line Drive, 7S) Vernon T. Waldrip scores Breanainn Swartwood to second
|
Batting: RHB Víctor Cuevas
|
0-0: Ball 1-0: Ball 2-0: Foul Ball, location: 2F 2-1: Foul Ball, location: 2F 2-2: Fielders Choice at 2nd, 4-6 (Groundball, 4) Breanainn Swartwood to third
|
Batting: RHB Melvin Thomas
|
0-0: Ball 1-0: Ball 2-0: Ball 3-0: Called Strike 3-1: Base on Balls Víctor Cuevas to second
|
Batting: LHB Santiago Miranda
|
0-0: Foul Ball, location: 2F 0-1: Ball 1-1: Called Strike 1-2: Foul Ball, location: 2F 1-2: Foul Ball, location: 2F 1-2: SINGLE (Groundball, 6MD) Breanainn Swartwood scores Víctor Cuevas to third Melvin Thomas to second Runner from 3rd tries for Home, SAFE, no throw
|
Batting: SHB Miguel Herrera
|
0-0: Ball 1-0: Fly out, F4 (Line Drive, 4)
|
Bottom of the 7th over - 4 runs, 4 hits, 0 errors, 2 left on base; Athletic Club KC 6 - Royse City 12 |
TOP OF THE 8TH |
Athletic Club KC Reserves batting - Pitching for Royse City Targaryens : RHP Enrique García
|
Now at 1B: Clifford Johnson
|
|
Batting: RHB Tasuku Goto
|
0-0: Ground out 6-3 (Groundball, 6M)
|
Batting: RHB Pedro Solís
|
0-0: Called Strike 0-1: Ball 1-1: Ball 2-1: Ball 3-1: Fly out, F7 (Flyball, 7)
|
Batting: LHB Tsai Ng
|
0-0: Ball 1-0: Swinging Strike 1-1: Foul Ball, location: 2F 1-2: Foul Ball, location: 2F 1-2: Ball 2-2: Ball 3-2: Fly out, F7 (Flyball, 7LS)
|
Top of the 8th over - 0 runs, 0 hits, 0 errors, 0 left on base; Athletic Club KC 6 - Royse City 12 |
BOTTOM OF THE 8TH |
Royse City Targaryens batting - Pitching for Athletic Club KC Reserves : LHP Ben Skelton
|
Batting: RHB David Elías
|
0-0: Ball 1-0: Foul Ball, location: 2F 1-1: Called Strike 1-2: Ball 2-2: Foul Ball, location: 2F 2-2: Ground out 1-3 (Groundball, 13S)
|
Batting: RHB José García
|
0-0: Ball 1-0: Ground out 1-4-3 (Groundball, 15S)
|
Batting: SHB Vernon T. Waldrip
|
0-0: Ball 1-0: Ground out 1-3 (Groundball, 13)
|
Bottom of the 8th over - 0 runs, 0 hits, 0 errors, 0 left on base; Athletic Club KC 6 - Royse City 12 |
TOP OF THE 9TH |
Athletic Club KC Reserves batting - Pitching for Royse City Targaryens : RHP Enrique García
|
Batting: RHB Troy Whitehurst
|
0-0: Called Strike 0-1: Ground out 6-3 (Groundball, 6S)
|
Batting: LHB Kwang-chih Feng
|
0-0: Swinging Strike 0-1: Swinging Strike 0-2: Ball 1-2: Ball 2-2: Strikes out looking
|
Batting: LHB Luis Miguel González
|
0-0: Ball 1-0: SINGLE (Groundball, 3D)
|
Batting: LHB Shojiro Ueda
|
0-0: Ball 1-0: Ball 2-0: Foul Ball, location: 2F 2-1: Ball 3-1: Foul Ball, location: 2F 3-2: Foul Ball, location: 2F 3-2: Hit by Pitch Luis Miguel González to second
|
Batting: LHB Manuel Domínguez
|
0-0: Called Strike 0-1: Called Strike 0-2: Ball 1-2: Ground out 4-3 (Groundball, 4)
|
Top of the 9th over - 0 runs, 1 hit, 0 errors, 2 left on base; Athletic Club KC 6 - Royse City 12 |
|